Map: Blackpink LE

Players

soO - Winner!

  • Race: Zerg Zerg
  • Spawn Location: 1:00

Cure

  • Race: Terran Terran
  • Spawn Location: 7:00

Event: IEM Season 12 - Katowice

VOD

Have the link to the VOD?

Description

Time

  • Played on: Feb. 27, 2018, 10:33 a.m.
  • Length: 11:41

All games in this series

Show
View Real Time Build Order
Export as new Build Order

soO Zerg - Winner!

Build Orders: Pool First, Roach Hydra 

Get SALT Encoding   

  12  0:00  Drone  
  13  0:12  Overlord  
  13  0:16  Drone  
  14  0:30  Drone x2  
  14  0:34  Drone  
  17  0:44  Spawning Pool  
  17  0:46  Drone  
  17  1:06  Hatchery  
  17  1:09  Drone  
  17  1:13  Drone  
  18  1:24  Extractor  
  17  1:31  Queen, Zergling x4  
  21  1:40  Overlord  
  21  1:50  Drone  
  22  2:00  Drone  
  23  2:06  Queen  
  25  2:10  Drone  
  26  2:18  Drone  
  26  2:19  Queen  
  29  2:24  Drone  
  29  2:26  Metabolic Boost  
  30  2:30  Drone  
  31  2:37  Overlord  
  31  2:38  Drone  
  31  2:40  Drone x2  
  31  2:44  Drone  
  35  2:48  Drone  
  36  2:55  Drone x2  
  37  3:06  Hatchery  
  37  3:08  Drone  
  37  3:09  Drone  
  38  3:14  Overlord  
  38  3:16  Drone  
  38  3:18  Drone  
  39  3:22  Drone x2  
  41  3:27  Overlord  
  41  3:30  Drone  
  41  3:33  Drone  
  43  3:37  Roach Warren  
  43  3:39  Drone  
  43  3:40  Drone  
  44  3:44  Zergling x4  
  46  3:49  Zergling x6  
  46  3:52  Overlord  
  49  3:56  Drone  
  49  3:57  Drone  
  49  3:59  Extractor  
  49  4:02  Overlord  
  50  4:04  Overlord  
  50  4:10  Overlord  
  50  4:22  Queen  
  52  4:26  Roach x6  
  64  4:34  Roach x3  
  70  4:39  Drone x3  
  70  4:43  Drone x3  
  76  4:50  Drone  
  76  4:51  Drone  
  78  4:55  Drone  
  79  5:01  Drone  
  79  5:04  Drone x4, Lair  
  79  5:06  Drone x2, Overlord  
  86  5:07  Drone  
  86  5:12  Zergling x6  
  90  5:18  Spore Crawler x2  
  90  5:19  Overlord  
  88  5:23  Roach  
  88  5:26  Roach x2  
  88  5:27  Roach  
  91  5:31  Spore Crawler  
  91  5:34  Roach x2  
  93  5:37  Roach  
  93  5:39  Roach  
  95  5:43  Roach  
  95  5:44  Roach  
  86  5:51  Drone x3  
  86  5:52  Drone  
  86  5:53  Drone  
  81  5:57  Drone  
  81  6:02  Drone x2  
  76  6:06  Drone  
  76  6:07  Glial Reconstitution  
  76  6:09  Drone  
  74  6:15  Drone  
  71  6:19  Drone  
  71  6:20  Drone  
  71  6:25  Drone  
  71  6:26  Queen x2  
  71  6:28  Roach  
  71  6:32  Overlord  
  73  6:35  Drone  
  73  6:38  Drone x2  
  76  6:42  Drone x2  
  76  6:44  Drone, Overseer  
  76  6:45  Queen  
  81  6:53  Drone x2, Hydralisk Den  
  82  6:56  Extractor  
  82  6:58  Overseer  
  81  7:03  Roach x5  
  81  7:05  Queen  
  92  7:13  Roach x3  
  92  7:14  Drone  
  98  7:16  Drone x3, Extractor  
  98  7:18  Drone, Extractor  
  98  7:21  Drone  
  101  7:25  Muscular Augments  
  101  7:28  Drone x2  
  103  7:34  Overlord  
  99  7:42  Overlord  
  95  7:44  Drone  
  95  7:45  Drone  
  97  7:55  Drone x3  
  97  7:56  Drone x3  
  97  7:57  Drone x2  
  105  8:01  Roach x4, Evolution Chamber x2  
  105  8:04  Hatchery  
  110  8:10  Ravager x2  
  110  8:11  Ravager  
  110  8:12  Drone  
  114  8:14  Overlord x2  
  114  8:15  Extractor  
  114  8:17  Overlord  
  113  8:20  Overlord  
  113  8:32  Zerg Missile Weapons Level 1, Hydralisk x3, Zerg Ground Armor Level 1  
  119  8:38  Drone  
  119  8:39  Drone x7  
  127  8:44  Hydralisk  
  129  8:49  Hydralisk, Grooved Spines  
  129  8:50  Hydralisk  
  133  8:56  Drone  
  133  9:02  Hydralisk x3  
  134  9:07  Overlord  
  140  9:10  Overlord  
  140  9:13  Drone x4  
  144  9:19  Overlord  
  144  9:20  Overlord  
  144  9:21  Overlord  
  144  9:26  Extractor  
  144  9:28  Infestation Pit  
  142  9:31  Hydralisk x3  
  142  9:32  Hydralisk x2  
  142  9:36  Hydralisk x2  
  142  9:37  Hatchery  
  155  9:43  Drone x3  
  155  9:44  Roach x2  
  155  9:45  Roach, Extractor  
  163  9:54  Overlord  
  163  9:55  Drone x3  
  166  10:06  Hive  
  166  10:10  Hydralisk x4  
  166  10:12  Overlord  
  174  10:15  Overlord  
  174  10:22  Spire  
  174  10:24  Roach x5  
  183  10:30  Drone  
  183  10:34  Roach x5  
  194  10:40  Overseer  
  194  10:44  Roach x3  
  200  10:53  Spine Crawler x2  
  200  10:54  Roach  
  200  11:17  Roach x4  
  200  11:18  Roach x2  
  200  11:19  Roach  
  200  11:20  Roach  
  200  11:21  Roach x4  
Show
View Real Time Build Order
Export as new Build Order

Cure Terran 

Build Orders: Gas First Reaper Expand, Reaper Expand, Hellion Banshee, Mech 

Get SALT Encoding   

  12  0:00  SCV  
  13  0:13  SCV  
  14  0:17  Supply Depot  
  14  0:25  SCV  
  14  0:27  Refinery  
  15  0:38  SCV  
  16  0:44  Barracks  
  16  0:50  SCV  
  17  1:02  SCV  
  18  1:15  SCV  
  19  1:31  Reaper, Orbital Command  
  20  1:42  Command Center  
  20  1:52  Factory  
  20  1:57  SCV  
  20  2:00  Refinery  
  21  2:05  Barracks Reactor  
  21  2:09  SCV  
  21  2:13  Supply Depot  
  22  2:21  SCV  
  23  2:35  SCV  
  24  2:38  Starport  
  24  2:42  Marine  
  26  2:46  Hellion  
  26  2:47  SCV  
  28  2:59  SCV  
  28  3:01  Supply Depot  
  29  3:11  SCV  
  30  3:13  Barracks Tech Lab  
  30  3:23  Viking, SCV, Hellion x2  
  30  3:26  Orbital Command  
  37  3:35  SCV  
  38  3:49  Hellion x2, SCV  
  38  3:52  SCV  
  44  3:57  Supply Depot  
  44  4:02  Cloaking Field, Banshee  
  47  4:04  SCV x2  
  49  4:10  Supply Depot  
  49  4:16  Cyclone, SCV  
  49  4:17  SCV  
  54  4:19  Cyclone  
  57  4:24  Supply Depot  
  57  4:28  SCV  
  57  4:29  SCV  
  59  4:42  SCV x2  
  59  4:45  Banshee  
  64  4:47  Supply Depot  
  64  4:56  Command Center  
  64  4:57  Supply Depot, Hellion  
  64  4:58  Hellion  
  68  5:06  SCV x2  
  70  5:11  Refinery  
  70  5:12  Refinery  
  70  5:18  SCV x2  
  70  5:20  Factory  
  72  5:28  Hellion x2  
  77  5:39  Banshee  
  70  5:56  Cyclone  
  70  5:57  Cyclone  
  62  6:01  Supply Depot  
  51  6:04  Hellion  
  27  6:36  SCV x2  
  29  6:40  Orbital Command  
  29  6:48  SCV x2  
  31  6:56  Siege Tank  
  31  7:00  SCV x2  
  36  7:07  SCV  
  37  7:12  SCV x2  
  37  7:14  Hellion x2  
  43  7:19  SCV  
  44  7:24  SCV x2  
  44  7:28  Siege Tank  
  49  7:31  SCV  
  49  7:36  SCV x2  
  50  7:43  SCV  
  50  7:44  Hellion x2  
  49  7:48  SCV x2  
  49  7:51  Starport Reactor, Engineering Bay, Supply Depot  
  51  7:56  SCV  
  51  7:57  Factory, Barracks Tech Lab  
  52  8:00  SCV  
  52  8:01  SCV  
  54  8:06  Siege Tank  
  54  8:11  Hellion  
  59  8:14  Hellion  
  59  8:19  Missile Turret  
  61  8:21  SCV  
  61  8:23  SCV  
  61  8:25  SCV  
  64  8:34  Supply Depot  
  64  8:37  SCV x2  
  64  8:38  SCV  
  67  8:42  Supply Depot  
  67  8:50  Armory  
  67  8:51  SCV x2  
  67  8:54  SCV  
  68  9:02  Viking  
  76  9:09  Viking  
  78  9:15  Supply Depot  
  78  9:16  Supply Depot  
  78  9:17  Siege Tank  
  78  9:18  Hellion  
  78  9:19  Hellion  
  78  9:21  Siege Tank  
  82  9:29  Supply Depot  
  82  9:32  SCV x3  
  82  9:38  Terran Vehicle Weapons Level 1, Armory  
  85  9:39  Hellion  
  85  9:40  Hellion  
  89  9:49  Siege Tank  
  92  9:53  Siege Tank  
  92  9:55  Supply Depot  
  92  9:56  Supply Depot  
  92  9:57  Orbital Command  
  95  10:00  Hellion  
  95  10:01  Hellion  
  99  10:11  Factory  
  99  10:12  Factory  
  99  10:13  Viking  
  101  10:17  Viking  
  103  10:23  SCV x3  
  106  10:34  Hellion  
  106  10:35  Hellion x3, SCV x3  
  108  10:42  Siege Tank x2  
  115  10:47  SCV x3, Refinery  
  115  10:49  Refinery  
  118  10:51  Hellion  
  118  10:53  Hellion  
  122  11:03  Supply Depot x2, SCV x3  
  123  11:05  Factory Tech Lab, Factory Reactor  
  123  11:09  Viking  

Tags
 
Add a new tag
Caveats
  • Supply blocks, unpowered buildings, or Contaminate may cause inaccurate times.
  • Supply counts are checked every 10 seconds.